AoeStats
← Neymar

Fortress

510121518Analyzed
2v2 RM · 2d ago on Sep 29, 2026· 76m 19s· 4 players
Game mode
Random Map
Map size
Normal (6 player)
Population
200
Speed
Normal
Resources
Standard
Victory
Conquest
Starting age
Dark Age
Ending age
Imperial Age
RankedLock teamsTeams togetherTeam positionsShared explorationLock speedFull tech treeHidden civsTurbo modeCheats
Victory
Defeat
🇹🇼 Vietnamese · Taiwan
1055
+15
🇹🇼 Khmer · Taiwan
1049
+15
🇨🇿 Japanese · Czechia
1024
-35
🇨🇿 Varangians · Czechia
1022
-35
Stoney McBoney
6:44 Feudal Age
7:18 Double-Bit Axe
7:17 Horse Collar
8:38 Bloodlines
16:10 Castle Age
14:25 Scale Barding Armor
17:12 Husbandry
18:06 Chain Barding Armor
17:59 Forging
18:14 Gold Mining
18:19 Stone Mining
18:41 Bow Saw
18:37 Heavy Plow
21:51 Wheelbarrow
25:15 Iron Casting
29:06 Imperial Age
27:25 Hand Cart
30:03 Town Watch
32:00 Stone Shaft Mining
31:42 Elite Jarl
33:07 Guard Tower
34:47 Two-Man Saw
34:19 Crop Rotation
35:11 Plate Barding Armor
35:21 Conscription
35:14 Pikeman
35:56 Squires
36:40 Halberdier
38:24 Masonry
38:27 Arson
51:00 Light Cavalry
51:50 Hussar
56:03 Arson
74:12 Cavalier
SuccDicc
7:45 Feudal Age
8:22 Horse Collar
8:28 Double-Bit Axe
12:51 Castle Age
17:03 Wheelbarrow
16:15 Town Watch
17:42 Heavy Plow
18:29 Squires
18:14 Gambesons
18:43 Bow Saw
20:30 Hand Cart
21:07 Caravan
21:44 Stone Mining
21:46 Gold Mining
22:33 Forging
22:23 Scale Mail Armor
23:21 Squires
23:07 Gambesons
24:07 Gold Shaft Mining
24:19 Fervor
24:43 Town Patrol
27:06 Iron Casting
26:47 Chain Mail Armor
26:04 Pikeman
26:30 Arson
28:07 Ballistics
27:58 Masonry
27:44 Murder Holes
31:30 Imperial Age
32:39 Kataparuto
32:57 Hoardings
32:43 Conscription
33:41 Two-Man Saw
32:55 Elite Samurai
34:23 Thumb Ring
35:22 Chemistry
34:46 Elite Skirmisher
36:46 Halberdier
41:07 Blast Furnace
40:37 Plate Mail Armor
49:58 Fletching
50:08 Padded Archer Armor
50:26 Bloodlines
50:16 Husbandry
51:38 Parthian Tactics
50:34 Heavy Cavalry Archer
53:50 Bodkin Arrow
54:11 Leather Archer Armor
54:03 Siege Engineers
53:44 Arrowslits
54:05 Loom
53:48 Cavalier
55:33 Bracer
56:03 Ring Archer Armor
58:26 Scale Barding Armor
64:21 Fortified Wall
Neymar
0:27 Loom
8:32 Feudal Age
13:25 Castle Age
11:19 Double-Bit Axe
11:42 Horse Collar
20:39 Bow Saw
23:37 Wheelbarrow
23:33 Ballistics
24:53 Heavy Plow
29:35 Imperial Age
27:52 Hand Cart
27:22 Treadmill Crane
27:46 Padded Archer Armor
27:37 Fletching
27:48 Scale Mail Armor
28:12 Town Watch
29:52 Elite Skirmisher
30:37 Thumb Ring
29:53 Crossbowman
30:00 Pikeman
30:41 Squires
30:26 Arson
30:39 Bodkin Arrow
30:54 Forging
31:00 Chain Mail Armor
32:14 Two-Man Saw
31:54 Crop Rotation
32:30 Leather Archer Armor
33:28 Bracer
33:39 Halberdier
36:02 Chemistry
34:31 Imperial Skirmisher
36:41 Ring Archer Armor
36:41 Plate Mail Armor
36:59 Fortified Wall
37:13 Onager
39:42 Iron Casting
40:26 Elite Rattan Archer
51:03 Arbalester
62:42 Gold Mining
63:00 Caravan
BangBangBang
7:27 Feudal Age
10:16 Castle Age
9:51 Loom
10:55 Double-Bit Axe
10:52 Horse Collar
11:50 Bow Saw
14:38 Heavy Plow
17:16 Wheelbarrow
21:45 Bloodlines
21:35 Husbandry
22:33 Hand Cart
26:33 Imperial Age
23:50 Town Watch
23:36 Light Cavalry
25:56 Gold Mining
25:57 Stone Mining
28:05 Forging
28:01 Scale Barding Armor
27:57 Padded Archer Armor
27:47 Fletching
28:05 Double Crossbow
28:25 Conscription
28:44 Gold Shaft Mining
28:44 Stone Shaft Mining
28:48 Caravan
29:18 Coinage
29:16 Town Patrol
30:19 Crop Rotation
30:26 Stone Shaft Mining
29:42 Elite Ballista Elephant
31:01 Iron Casting
30:30 Scale Mail Armor
30:23 Crossbowman
31:31 Ballistics
32:11 Chemistry
31:01 Arbalester
32:11 Bodkin Arrow
32:31 Leather Archer Armor
33:17 Blast Furnace
32:37 Chain Barding Armor
32:59 Tusk Swords
34:02 Bracer
34:16 Capped Ram
37:11 Ring Archer Armor
36:56 Chain Mail Armor
36:15 Siege Ram
39:22 Plate Barding Armor
38:15 Hussar
39:49 Siege Engineers
39:55 Masonry
45:55 Fortified Wall
45:41 Murder Holes
46:16 Architecture
47:38 Heavy Scorpion
49:52 Guard Tower
70:24 Pikeman
70:51 Arson
70:59 Halberdier
Connection lost

Rejoining the realm…

Still unreachable

The connection could not be restored.

Session expired

The server has moved on; the page needs a fresh start.